 Dungeon Crawl Stone Soup version 0.31-a0-240-gb923e448b6 (webtiles) character file.

Game seed: 17484491303308676680

12 qw the Shooter (level 2, -4/16 HPs)
             Began as a Gargoyle Hexslinger on July 11, 2023.
             Slain by a gnoll
             ... wielding a +0 club
              (7 damage)
             ... on level 2 of the Dungeon.
             The game lasted 00:00:12 (609 turns).

qw the Shooter (Gargoyle Hexslinger)                 Turns: 609, Time: 00:00:12

Health: -4/16      AC:  5    Str: 11    XL:     2   Next: 33%
Magic:  3/3        EV: 11    Int: 13    God:
Gold:   32         SH:  0    Dex: 12    Spells: 2/3 levels left

rFire   . . .        Y - +1 sling
rCold   . . .        (no shield)
rNeg    + . .        d - +0 leather armour
rPois   inf          (no helmet)
rElec   +            (no cloak)
rCorr   .            (no gloves)
SInv    .            (no boots)
Will    .....        (no amulet)
Stlth   +            (no ring)
HPRegen 0.22/turn    (no ring)
MPRegen 0.08/turn

%: no passive effects
@: no status effects
A: sickness immunity, AC +2, negative energy resistance 1, electricity
resistance, torment resistance 1, petrification resistance
a: no special abilities


You were on level 2 of the Dungeon.
You visited 1 branch of the dungeon, and saw 2 of its levels.

You collected 32 gold pieces.


Innate Abilities, Weirdness & Mutations

You are immune to sickness and miasma.
Your stone body is resilient. (AC +2)
You are immune to poison.
You resist negative energy. (rN+)
You are resistant to electric shocks. (rElec)
You are resistant to unholy torment.
You are immune to petrification.


   Skills:
 - Level 1.1 Fighting
 + Level 2.9 Ranged Weapons
 - Level 1.5 Dodging
 - Level 1.0 Spellcasting
 - Level 2.6 Hexes


You had 2 spell levels left.
You knew the following spells:

 Your Spells              Type           Power      Damage    Failure   Level
a - Slow                  Hex            28%        N/A       12%         1

Your spell library contained the following spells:

 Spells                   Type           Power      Damage    Failure   Level
 Inner Flame              Hex/Fire       4%         N/A       54%         3
 Portal Projectile        Hex/Tloc       8%         N/A       54%         3
 Cause Fear               Hex            3%         N/A       77%         4

Inventory:

Hand Weapons
 Y - a +1 sling (weapon)
Armour
 d - a +0 leather armour (worn)

Dungeon Overview and Level Annotations

Branches:
Dungeon (2/15)

Altars:


Message History

As you read the scroll labelled HOIXUN OLA ZEXT, it crumbles to dust.
You feel momentarily disoriented.
It was a scroll of revelation.
Enter note:
Enter note:
Enter note:
Enter note: Done exploring.
582 ||| DROPPING scroll of poison.
You drop a scroll of poison.
Done exploring.
(D) Dungeon
Where to? (* - list waypoints, ? - help)
What level of the Dungeon? (default 1, ? - help)
There is a stone staircase leading down here.
You climb downwards.
The gnoll shouts!
You hear an angry hiss.
Found 5 gold pieces.
There is a stone staircase leading up here.
There are monsters nearby!
Waypoint 1 assigned to D:2.
You shoot a sling bullet.
The sling bullet hits the gnoll but does no damage.
A gnoll comes into view. It is wielding a +0 flail.
You shoot a sling bullet.
The sling bullet closely misses the gnoll.
The gnoll shouts!
The sling bullet hits the gnoll.
The gnoll is lightly wounded.
You shoot a sling bullet.
The sling bullet barely misses the gnoll.
The sling bullet hits the gnoll.
The gnoll is moderately wounded.
The gnoll enters a dispersal trap!
The gnoll blinks! x2; You blink.
The gnoll blinks!
The gnoll hits you from afar with a +0 spear of flaming.
The gnoll burns you. The gnoll hits you with a +0 club.
The gnoll hits you from afar with a +0 spear of flaming.
The gnoll burns you. The gnoll hits you but does no damage.
You shoot a sling bullet. The sling bullet hits the gnoll!
The gnoll is almost dead.
The gnoll hits you but does no damage. The gnoll hits you with a +0 club!
You die...

#########
#.......####
#....¤..g.<#
#.....@..###
#..g.¤.g.#
#........#
##.###+#...
# ##.. ....
.## #


You could see 3 gnolls.

Vanquished Creatures
  2 ball pythons (D:1)
  A goblin (D:1)
  2 jackals (D:1)
  A kobold (D:1)
  3 bats (D:1)
  4 rats (D:1)
13 creatures vanquished.

Notes
Turn   | Place    | Note
-------+----------+-------------------------------------------
     0 | D:1      | qw the Gargoyle Hexslinger began the quest for the Orb.
     0 | D:1      | Reached XP level 1. HP: 12/12 MP: 2/2
     0 | D:1      | 0 ||| qw: Version: 0.3-a-52-g30416fa
     0 | D:1      | 0 ||| qw: Game counter: 6088
     0 | D:1      | 0 ||| qw: Melee chars always use a shield: true
     0 | D:1      | 0 ||| qw: God list: Okawaru
     0 | D:1      | 0 ||| qw: Allow faded altars: false
     0 | D:1      | 0 ||| qw: Do Orc after clearing Dungeon:15 true
     0 | D:1      | 0 ||| qw: Do second Lair branch before Depths: true
     0 | D:1      | 0 ||| qw: Lair rune preference: random
     0 | D:1      | 0 ||| qw: Goals: Normal
     0 | D:1      | 0 ||| PLANNING D:1-11
    43 | D:1      | 43 ||| FLEEEEING.
    44 | D:1      | 44 ||| FLEEEEING.
   233 | D:1      | Reached XP level 2. HP: 16/16 MP: 3/3
   570 | D:1      | 570 ||| UPGRADING to +0 leather armour.
   580 | D:1      | 580 ||| DROPPING +0 robe.
   581 | D:1      | 581 ||| READING scroll labelled HOIXUN OLA ZEXT.
   582 | D:1      | 582 ||| DROPPING scroll of poison.
   608 | D:2      | HP: 4/16 [gnoll/+0 spear of flaming (5)]
   609 | D:2      | Slain by a gnoll

Levels and vault maps discovered:
D:1:      mainiacjoe_arrival_reflecting_pool, layout_basic,
          chequers_decorated_corner, minmay_misc_feat_secret_circle,
          serial_park_tiny_2
D:2:      layout_basic, chequers_serial_rivers_small_a, skrybe_limestone_x,
          chequers_mini_garden

Action                     || total
---------------------------++-------
   Fire: Sling             ||    45
    Use: Scroll            ||     1
 Armour: Robe              ||     5
         Leather armour    ||     2
  Dodge: Dodged            ||    12

Table legend:
 A = Non-vault XP
 B = Vault XP
 C = Vault XP percentage of total XP
 D = Non-vault monster count
 E = Vault monster count
 F = Vault count percentage of total count
                 A         B        C        D         E       F
            +---------+---------+-------+---------+---------+-------
      Total |      18 |       0 |   0.0 |      13 |       0 |   0.0
            +---------+---------+-------+---------+---------+-------
        D:1 |      18 |       0 |   0.0 |      13 |       0 |   0.0
            +---------+---------+-------+---------+---------+-------
